 Dungeon Crawl Stone Soup version 0.30-a0-1124-g6e8f0f562f (webtiles) character file.

Game seed: 17182574543116444738

13839 dolemite99 the Skirmisher (level 11, -1/91 HPs)
             Began as a Minotaur Gladiator on Apr 23, 2023.
             Was an Elder of Dithmenos.
             Slain by Urug
             ... wielding a +3 scimitar of protection
              (10 damage)
             ... on level 2 of the Lair of Beasts.
             The game lasted 00:21:58 (14626 turns).

dolemite99 the Skirmisher (Minotaur Gladiator)     Turns: 14626, Time: 00:21:59

Health: -1/91      AC:  9    Str: 21    XL:     11   Next: 80%
Magic:  0/10       EV: 15    Int:  5    God:    Dithmenos [****..]
Gold:   525        SH:  0    Dex: 14    Spells: 10/10 levels left

rFire   + . .        a - +1 demon whip (venom)
rCold   . . .        (no shield)
rNeg    . . .        Q - +3 leather armour
rPois   +            c - +0 hat
rElec   .            p - +0 cloak
rCorr   +            v - +1 pair of gloves
SInv    .            (no boots)
Will    .....        C - amulet of Ru's Whim {Spirit Drain rF+ Regen+ rCorr}
Stlth   +            P - ring of poison resistance
HPRegen 1.15/turn    (no ring)
MPRegen 0.12/turn

%: guardian spirit
@: wreathed by umbra
A: horns 2, retaliatory headbutt
a: Renounce Religion, Shadow Step


You were on level 2 of the Lair of Beasts.
You worshipped Dithmenos.
Dithmenos was greatly pleased with you.
You visited 2 branches of the dungeon, and saw 11 of its levels.
You also visited: Sewer and Ossuary.

You collected 525 gold pieces.

Inventory:

Hand Weapons
 a - a +1 demon whip of venom (weapon)
 b - a +1 longbow
 g - a +1 trident of freezing
 u - a +0 halberd
 w - a +2 quarterstaff of chaos
 A - a +1 quarterstaff
 D - a +3 trident
 F - a +0 dire flail of draining
 H - a +2 morningstar
Missiles
 d - 4 throwing nets (quivered)
 e - a javelin
 f - 45 poisoned darts
 h - 2 curare-tipped darts
 s - 3 silver javelins
Armour
 c - a +0 hat (worn)
 p - a +0 cloak (worn)
 v - a +1 pair of gloves (worn)
 y - a +0 leather armour
 Q - a +3 leather armour (worn)
Jewellery
 C - the amulet of Ru's Whim (around neck) {Spirit Drain rF+ Regen+ rCorr}
   (You found it on level 6 of the Dungeon)

   [amulet of guardian spirit]

   It causes incoming damage to be divided between your reserves of health and
   magic.
   rF:        It protects you from fire.
   Regen:     It increases your rate of health regeneration.
   rCorr:     It protects you from acid and corrosion.
   Drain:     It drains your maximum health when unequipped.
 E - a ring of fire
 P - a ring of poison resistance (left hand)
Wands
 j - a wand of digging (8)
 o - a wand of light (9)
 B - a wand of polymorph (10)
 L - a wand of charming (5)
Scrolls
 r - a scroll of vulnerability
 t - 7 scrolls of teleportation
 x - a scroll of fear
 J - a scroll of fog
 K - 2 scrolls of magic mapping
 M - a scroll of poison
Potions
 i - 5 potions of curing
 k - 2 potions of cancellation
 l - 5 potions of heal wounds
 m - 2 potions of attraction
 n - a potion of brilliance
 q - a potion of flight
 z - 2 potions of magic
 G - a potion of haste
 I - 2 potions of ambrosia
 N - a potion of lignification


   Skills:
 - Level 6.6 Fighting
 - Level 13.4 Staves
 - Level 14.5 Ranged Weapons
 - Level 2.0 Throwing
 + Level 8.6 Dodging


You had 10 spell levels left.
You didn't know any spells.
Your spell library contained the following spells:

 Spells                   Type           Power      Damage    Failure   Level
 Beastly Appendage        Tmut           0%         N/A       52%         1
 Magic Dart               Conj           0%         1d3       52%         1
 Wereblood                Tmut           0%         N/A       67%         2
 Spider Form              Tmut/Pois      0%         N/A       88%         3
 Summon Ice Beast         Ice/Summ       0%         N/A       99%         4
 Summon Mana Viper        Hex/Summ       0%         N/A       100%        5
 Monstrous Menagerie      Summ           0%         N/A       100%        7


Dungeon Overview and Level Annotations

Branches:
Dungeon (9/15)             Temple (0/1) D:7            Lair (2/5) D:8
  Sewer (visited)         Ossuary (visited)
  Swamp: Lair:2-3    Shoals: Lair:2-3     Snake: Lair:2-3    Spider: Lair:2-3
    Orc: D:9-12

Altars:
Dithmenos
Elyvilon
Gozag
Kikubaaqudgha
Nemelex Xobeh
Okawaru
Ru
Sif Muna
Vehumet
Xom
Zin

Portals:
Gauntlet: Lair:2

Annotations:
D:5 2 transporters, TheSexyCheese's ghost, novice OgFE
D:6 exclusion: downstairs
Lair:1 2 transporters, Offeog's ghost, journeyman DDFi
Lair:2 Urug


Innate Abilities, Weirdness & Mutations

You have a pair of horns on your head.
You reflexively headbutt those who attack you in melee.


Message History

You hear an angry growl.
You hear a bellow!
The roots release their grip on the yak.
A water moccasin comes into view.
Urug throws a javelin.
The javelin completely misses you.
Aiming: Fastroot
Press: ? - help, Shift-Dir - straight line, f - yak, p - Urug
Aim: a yak (moderately wounded, umbra)
The roots erupt in riotous growth!
Roots grab the yak.
The now-empty wand crumbles to dust.
The grasping roots constrict the plant!
The grasping roots constrict Urug.
The grasping roots constrict the yak.
You hear an angry hiss.
The roots release their grip on the plant.
The roots release their grip on Urug.
The yak escapes!
Your +1 demon whip of venom begins to drip with poison!
a - a +1 demon whip of venom (weapon)
A nearby plant withers and dies.
A wyvern comes into view.
Urug hits you with a +3 scimitar of protection!!
You hit Urug.
Urug is moderately wounded.
A yak comes into view.
Urug hits you with a +3 scimitar of protection!!
The yak bellows!
You whack Urug!
Urug looks as sick as possible!
Urug is heavily wounded.
Urug attacks as you move away!
Urug hits you with a +3 scimitar of protection!!
The yak closely misses you. You furiously retaliate!
You headbutt the yak! The water moccasin misses you. You furiously retaliate!
You headbutt the water moccasin! Urug attacks as you move away!
Urug hits you with a +3 scimitar of protection!!
* * * LOW HITPOINT WARNING * * *
The water moccasin attacks as you move away!
The water moccasin closely misses you. The yak attacks as you move away!
The yak closely misses you. Urug attacks as you move away!
Urug hits you with a +3 scimitar of protection!
You die...

.................).#
...................##
............Y.......#
.P."...............P#
h##..............∩.##
#........l........#
#................#
#....##..YS......#
#P.### ###o@......#
#.. ##...<....# P.
#.........#
##...........
#...........
#............
##...........
#...........
#...........


You could see Urug (extremely poisoned), 2 yaks, a water moccasin and a wyvern.

Vanquished Creatures
  Amaemon (D:8)
  Pikel (D:6)
  An orange demon (D:8)
  2 cane toads (Lair:1)
  A hornet (D:8)
  5 blink frogs (Lair:1)
  10 yaks
  A wyvern (Lair:1)
  A steam dragon (D:6)
  Edmund (D:6)
  Duvessa (D:6)
  A water moccasin (D:6)
  2 orc warriors (D:8)
  4 black bears
  2 ice beasts (D:7)
  2 ogres
  3 centaurs
  2 lemures (D:6)
  A phantom (D:5)
  4 kobold brigands (Sewer)
  10 bullfrogs
  6 scorpions
  Dowan (D:6)
  10 wights
  6 killer bees (D:8)
  An electric eel (D:6)
  A bullfrog zombie (Ossuary)
  2 howler monkeys (D:8)
  A centaur zombie (Ossuary)
  3 jellies
  A human zombie (Ossuary)
  5 hounds
  4 gnoll boudas
  2 orc priests (D:4)
  Crazy Yiuf (D:4)
  Ijyb (D:3)
  Natasha (D:3)
  3 scorpion zombies (Ossuary)
  2 sleepcaps
  5 iguanas
  3 orc wizards
  An ogre zombie (Ossuary)
  A mummy (D:7)
  24 gnolls
  16 adders
  8 river rats
  4 white imps
  2 ufetubi (D:4)
  6 adder zombies (Ossuary)
  A worm (D:2)
  3 dart slugs
  18 orcs
  8 ball pythons
  2 bats
  5 endoplasms
  4 giant cockroaches
  5 goblins
  4 hobgoblins
  3 jackals
  3 quokkas
  2 frilled lizards (Sewer)
  3 gnoll zombies (Ossuary)
  3 goblin zombies
  6 hobgoblin zombies (Ossuary)
  14 kobolds
  2 orc zombies
  24 rats
287 creatures vanquished.

Vanquished Creatures (others)
  26 fungi
  23 plants
49 creatures vanquished.

Grand Total: 336 creatures vanquished

Notes
Turn   | Place    | Note
-------+----------+-------------------------------------------
     0 | D:1      | dolemite99 the Minotaur Gladiator began the quest for the
                  | Orb.
     0 | D:1      | Reached XP level 1. HP: 18/18 MP: 0/0
    15 | D:1      | You fall into a shaft and drop 1 floor!
    26 | D:2      | Reached XP level 2. HP: 22/25 MP: 1/1
   124 | D:2      | Reached skill level 5 in Staves
   124 | D:2      | Reached XP level 3. HP: 19/30 MP: 2/2
   510 | D:3      | Reached XP level 4. HP: 30/37 MP: 3/3
   583 | D:3      | Noticed Ijyb
   592 | D:3      | Killed Ijyb
   727 | D:3      | Found a glowing drain.
   743 | D:3      | Reached XP level 5. HP: 39/42 MP: 4/4
   754 | Sewer    | Entered a sewer
  1149 | Sewer    | Reached XP level 6. HP: 34/50 MP: 5/5
  2487 | Sewer    | Reached XP level 7. HP: 30/56 MP: 6/6
  2906 | D:3      | Found a glowing silver altar of Zin.
  3294 | D:1      | Found a faded altar of an unknown god.
  3352 | D:1      | Prayed at the altar of an unknown god.
  3352 | D:1      | Became a worshipper of Dithmenos the Shadowed
  3352 | D:1      | Reached * piety under Dithmenos
  4588 | D:3      | Noticed Natasha
  4595 | D:3      | Killed Natasha
  4596 | D:3      | Reached skill level 10 in Staves
  4874 | D:4      | Reached ** piety under Dithmenos
  5253 | D:4      | Found an iron altar of Okawaru.
  5395 | D:4      | Found an ancient bone altar of Kikubaaqudgha.
  5400 | D:4      | Found a shimmering blue altar of Sif Muna.
  5418 | D:4      | Found a radiant altar of Vehumet.
  5427 | D:4      | Got Vehumet's Incunable of Conjuration
  5628 | D:4      | Found a sparkling altar of Nemelex Xobeh.
  5744 | D:4      | Found a runed translucent door.
  5745 | D:4      | Noticed Crazy Yiuf
  5750 | D:4      | Killed Crazy Yiuf
  5823 | D:5      | Entered Level 5 of the Dungeon
  5829 | D:5      | Reached XP level 8. HP: 61/62 MP: 7/7
  6623 | D:5      | Found a transporter.
  6885 | D:5      | Noticed TheSexyCheese's ghost (novice OgFE)
  7032 | D:5      | Found a transporter.
  7290 | D:5      | Found a white marble altar of Elyvilon.
  7879 | D:6      | Noticed Pikel
  7924 | D:6      | Killed Pikel
  7925 | D:6      | Reached XP level 9. HP: 56/75 MP: 8/8
  8077 | D:6      | Reached skill level 1 in Ranged Weapons
  8159 | D:6      | Reached skill level 2 in Ranged Weapons
  8280 | D:6      | Reached skill level 3 in Ranged Weapons
  8516 | D:6      | Reached *** piety under Dithmenos
  8559 | D:6      | Noticed Duvessa
  8591 | D:6      | Identified the amulet of Ru's Whim {Spirit Drain rF+ Regen+
                  | rCorr}
  8634 | D:6      | Noticed Dowan
  8643 | D:6      | Killed Duvessa
  8644 | D:6      | Reached skill level 4 in Ranged Weapons
  8646 | D:6      | Killed Dowan
  8785 | D:6      | Reached skill level 5 in Ranged Weapons
  9105 | D:6      | Noticed Edmund
  9116 | D:6      | Killed Edmund
  9117 | D:6      | Reached skill level 6 in Ranged Weapons
  9269 | D:7      | Found a sacrificial altar of Ru.
  9353 | D:7      | Reached skill level 7 in Ranged Weapons
  9508 | D:7      | Found a sand-covered staircase.
  9518 | Ossuary  | Entered an ossuary
  9693 | Ossuary  | Reached skill level 8 in Ranged Weapons
  9698 | Ossuary  | Reached **** piety under Dithmenos
  9794 | Ossuary  | Noticed a silent spectre
 10198 | Ossuary  | Reached skill level 13 in Ranged Weapons
 10198 | Ossuary  | Reached XP level 10. HP: 81/81 MP: 9/9
 10285 | D:7      | Reached XP level 11. HP: 84/87 MP: 10/10
 11336 | D:7      | Found a staircase to the Ecumenical Temple.
 11622 | D:8      | Noticed Amaemon
 11642 | D:8      | Killed Amaemon
 11643 | D:8      | Reached skill level 14 in Ranged Weapons
 11750 | D:8      | Found an opulent altar of Gozag.
 12337 | D:8      | Found a sacrificial altar of Ru.
 12433 | D:8      | Found a shimmering altar of Xom.
 12637 | D:8      | Reached skill level 5 in Dodging
 12907 | D:8      | Found a staircase to the Lair.
 13583 | Lair:1   | Entered Level 1 of the Lair of Beasts
 13747 | Lair:1   | Noticed Offeog's ghost (journeyman DDFi)
 13990 | Lair:1   | Found a transporter.
 13992 | Lair:1   | Found a transporter.
 14014 | Lair:1   | Noticed a skyshark
 14548 | Lair:2   | Found a gate leading to a gauntlet.
 14608 | Lair:2   | Noticed Urug
 14626 | Lair:2   | Slain by Urug

Illustrated notes

Levels and vault maps discovered:
D:1:      dpeg_arrival_refuge, layout_loops_ring,
          shapermc_ecumenical_altar_totnotflames
D:2:      layout_basic
D:3:      layout_basic, mainiacjoe_overflow_catwalk, portal_sewer_entry_b,
          uniq_ijyb, uniq_natasha
D:4:      minmay_recursive_quarters, layout_basic,
          grunt_temple_overflow_magic_moments,
          mainiacjoe_overflow_six_doors_small, old_standard_altar,
          uniq_crazy_yiuf_cottage
D:5:      layout_cave_pools, nicolae_overflow_hidden_temple,
          gammafunk_ghost_stat_death, minmay_misc_feat_more_columns
D:6:      layout_basic, st_stairs_13, minmay_liquid_box,
          kennysheep_pointless_box, uniq_edmund, uniq_duvessa, uniq_pikel
D:7:      layout_rooms, nicolae_ru_great_annihilating_truth,
          minmay_temple_entry_glass, nicolae_ossuary_entry_giza,
          nicolae_concentric_dashed_squares_mild
D:8:      layout_basic, general_overflow_altar, overflow_temple_1_default,
          grunt_lair_entry_orc_guard_hut, enter_bailey_7, kennysheep_diamond,
          uniq_amaemon
D:9:      layout_cave_pools, nicolae_hepliaklqana_ecumenical_no_more,
          st_stairs_2
Lair:1:   layout_regular_city, nzn_ghost_randoct, fungi_pond_lemuel,
          chequers_serial_rivers_small_3
Lair:2:   layout_big_grid, nicolae_snake_entry_squirm, gauntlet_entry_generic,
          gammafunk_ghost_wrathful_warriors, cheibrodos_lair_lostbears,
          uniq_harold, uniq_urug

Skill      XL: |  1  2  3  4  5  6  7  8  9 10 11 |
---------------+----------------------------------+-----
Staves         | 4 5 6 8 9 11 13 | 13.4
Fighting       | 6 |  6.6
Ranged Weapons | 13 14 | 14.5
Dodging        | 8 |  8.6
Throwing       | |  2.0

Action                     |  1- 3 |  4- 6 |  7- 9 | 10-12 || total
---------------------------+-------+-------+-------+-------++-------
  Melee: Quarterstaff      |    31 |   113 |   314 |     5 ||   463
         Headbutt          |     6 |    16 |    67 |     5 ||    94
         Trident           |       |       |    23 |       ||    23
         Demon whip        |       |       |       |    27 ||    27
   Fire: Longbow           |       |       |    52 |   266 ||   318
  Evoke: Wand              |       |       |       |     5 ||     5
    Use: Scroll            |     1 |     2 |    14 |     6 ||    23
         Potion            |       |     2 |     2 |     1 ||     5
   Stab: Sleeping          |       |       |     1 |       ||     1
         Paralysed         |       |       |     1 |       ||     1
 Armour: Leather armour    |     5 |    28 |    74 |    21 ||   128
         Skin              |       |    12 |       |       ||    12
  Dodge: Dodged            |    21 |    81 |   234 |    97 ||   433

Table legend: (Time is in decaauts)
 A = Elapsed time spent in this place.
 B = Non-inter-level travel time spent in this place.
 C = Inter-level travel time spent in this place.
 D = Time resting spent in this place.
 E = Time spent auto-exploring this place.
 F = Levels seen in this place.
 G = Mean time per level.
                   A        B        C        D        E       F      G
               +--------+--------+--------+--------+--------+-----+--------+
         Total |  14499 |  13898 |    601 |   5786 |   5007 |  13 | 1115.3 |
       Dungeon |  10924 |  10365 |    559 |   3818 |   4214 |   9 | 1213.8 |
          Lair |    902 |    861 |     41 |     89 |    536 |   2 |  451.0 |
         Sewer |   1998 |   1998 |      0 |   1437 |    232 |   1 | 1998.0 |
       Ossuary |    674 |    674 |      0 |    442 |     25 |   1 |  674.0 |
               +--------+--------+--------+--------+--------+-----+--------+

Top non-repeatable levels by time:
     D:8: 2018 daAuts
   Sewer: 1998 daAuts
     D:6: 1706 daAuts
     D:7: 1661 daAuts
     D:4: 1486 daAuts
     D:5: 1284 daAuts
     D:2: 1064 daAuts
     D:1: 857 daAuts
     D:3: 835 daAuts
  Lair:1: 825 daAuts
 Ossuary: 674 daAuts
  Lair:2: 76 daAuts
     D:9: 10 daAuts
